 Dungeon Crawl Stone Soup version 0.19-a0-503-g45a6586 (webtiles) character file.

45 st0uf the Skirmisher (level 3, -3/31 HPs)
             Began as a Formicid Abyssal Knight on June 5, 2016.
             Was a Follower of Lugonu.
             Slain by a gnoll
             ... wielding a +1 spear of freezing
              (8 damage)
             ... on level 1 of the Dungeon.
             The game lasted 00:03:19 (1352 turns).

st0uf the Skirmisher (Formicid Abyssal Knight)      Turns: 1352, Time: 00:03:20

Health: -3/31      AC:  3    Str: 17    XL:     3   Next: 90%
Magic:  4/4        EV: 11    Int: 11    God:    Lugonu [*.....]
Gold:   84         SH:  0    Dex: 10    Spells: 0 memorised, 2 levels left

rFire  . . .     SeeInvis +     a - +1 falchion
rCold  . . .     Gourm    .     b - +0 leather armour
rNeg   . . .     Faith    .     (no shield)
rPois  .         Spirit   .     (helmet unavailable)
rElec  .         Dismiss  .     (no cloak)
rCorr  .         Reflect  .     (no gloves)
SustAt .         Harm     .     (no boots)
MR     .....                    (no amulet)
Stlth  +.........               (no ring)
                                (no ring)

@: not resistant to hostile enchantments, very unstealthy
A: permanent stasis, dig shafts and tunnels, four strong arms, antennae 3
a: Dig, Shaft Self, Depart the Abyss, Renounce Religion


You were on level 1 of the Dungeon.
You worshipped Lugonu.
Lugonu was aware of your devotion.
You were very hungry.

You visited 1 branch of the dungeon, and saw 2 of its levels.
You visited the Abyss 1 time.

You collected 84 gold pieces.

Inventory:

Hand Weapons
 a - a +1 falchion (weapon)
Armour
 b - a +0 leather armour (worn)
Scrolls
 d - 2 scrolls of identify {unknown}
 f - a scroll of magic mapping {unknown}
 j - a scroll of remove curse {unknown}
Potions
 e - a potion of curing {unknown}
 g - a potion of mutation {unknown}
 h - a potion of lignification {unknown}
Comestibles
 c - 2 bread rations


   Skills:
 + Level 4.3 Fighting
 + Level 2.7 Long Blades
 + Level 2.2 Armour
 + Level 1.1 Dodging
 + Level 2.1 Invocations


You had 2 spell levels left.
You didn't know any spells.

Dungeon Overview and Level Annotations

Branches:
Dungeon (2/15)

Altars:


Innate Abilities, Weirdness & Mutations

You are under a permanent stasis effect.
You can dig through walls and to a lower floor.
Your four strong arms can wield two-handed weapons with a shield.
You have a pair of large antennae on your head. (SInv)


Message History

a club; a whip You slash the gnoll!
The gnoll is heavily wounded.
The gnoll hits you with a spear of freezing.
The gnoll freezes you.
You barely miss the gnoll.
The gnoll is heavily wounded.
The gnoll hits you with a spear of freezing.
The gnoll freezes you.
You hit the gnoll.
The gnoll is severely wounded.
The gnoll hits you with a spear of freezing.
* * * LOW HITPOINT WARNING * * *
The gnoll freezes you.
* * * LOW HITPOINT WARNING * * *
You hit the gnoll but do no damage.
The gnoll is severely wounded.
The gnoll closely misses you.
The gnoll hits you with a spear of freezing!
You die...

.#.####################'#....# #.
..............##.............# #.
.##########.......###........# #.
)######## ##...#.####........# #.
).......####.#..............## #.
........#....#...###........# #.
........#.####...# #........# #.
........#.####.g.# #........# #.
........#....#.#@# #........####.
........#..#.#.#.# #...........##
.............#...# #...........#
..............##########.......##
............#.....#..............
..............###.#.###........##
##............#...#...##.........
#...........##.#####.##.#.###.##
#..........###.......##.#.###.#


You could see a gnoll.

Vanquished Creatures
  2 gnolls (D:1)
  An ooze (D:1)
  2 dart slugs (D:1)
  3 bats (D:1)
  A giant cockroach (D:1)
  5 goblins (D:1)
  2 hobgoblins (D:1)
  2 rats (D:1)
18 creatures vanquished.

Notes
Turn   | Place    | Note
--------------------------------------------------------------
     0 | Abyss:1  | st0uf the Formicid Abyssal Knight began the quest for the Orb.
     0 | Abyss:1  | Reached XP level 1. HP: 18/18 MP: 2/2
    81 | Abyss:1  | Noticed a chaos spawn
    94 | D:1      | Escaped the Abyss
   211 | D:1      | Reached XP level 2. HP: 25/25 MP: 3/3
   324 | D:1      | Reached * piety under Lugonu
   413 | D:1      | Reached skill level 4 in Fighting
   492 | D:1      | Reached XP level 3. HP: 15/30 MP: 4/4
  1042 | D:1      | Reached skill level 1 in Dodging
  1045 | D:1      | HP: 1/30 [gnoll/club (6)]
  1352 | D:1      | Slain by a gnoll

Vault maps used:
D:1:      dpeg_arrival_line_fractal, minmay_misc_feat_ornament,
          minmay_statues_item
D:2:      uniq_jessica, uniq_iyjb
Abyss:1:  evilmike_abyss_exit_17

Skill      XL: |  1  2  3 |
---------------+----------+-----
Fighting       | 4 |  4.3
Dodging        | 1 |  1.1
Long Blades    | |  2.7
Armour         | |  2.2
Invocations    | |  2.1

Action                   || total
-------------------------++-------
Melee: Falchion          ||    52
Invok: Depart the Abyss  ||     1
Armor: Leather armour    ||    11
Dodge: Dodged            ||    31
